 Dungeon Sprint DCSS version 0.17-a0-1570-g74b7129 (webtiles) character file.

2464 tt080 the Carver (level 9, -4/91 HPs)
             Began as a Deep Dwarf Berserker on July 23, 2015.
             Was a High Priest of Trog.
             Slain by a ten-headed hydra (5 damage)
             ... in the Dungeon (Sprint IX: "|||||||||||||||||||||||||||||").
             The game lasted 00:03:12 (381 turns).

tt080 the Carver (Deep Dwarf Berserker)              Turns: 381, Time: 00:03:12

Health: -4/91      AC: 17    Str: 21    XL:     9   Next: 26%
Magic:  3/3        EV: 15    Int:  8    God:    Trog [*****.]
Gold:   0          SH:  0    Dex: 18    Spells: 0 memorised, 8 levels left

rFire  . . .     SeeInvis .     x - +6 great sword (antimagic)
rCold  . . .     Clarity  .     r - +0 plate armour
rNeg   . . .     SustAt   .     (no shield)
rPois  .         Gourm    .     q - +0 helmet
rElec  .         Spirit   .     (no cloak)
rCorr  .         Warding  .     p - +0 pair of gloves
rMut   .         NoTele   +     (no boots)
MR     +++..                    (no amulet)
Stlth  ..........               t - +2 ring of evasion
                                s - +3 ring of dexterity

@: very slightly contaminated, non-regenerating, extremely resistant to hostile
enchantments, extremely unstealthy
A: damage resistance, recharge devices, sense surroundings 2, slow healing 3
a: Device Recharging, Burn Spellbooks, Berserk, Trog's Hand, Brothers in Arms,
Renounce Religion


You were in the Dungeon.
You worshipped Trog.
Trog was extremely pleased with you.
You were not hungry.

You visited 1 branch

Inventory:

Hand weapons
 a - a +0 falchion
 o - a +2 scimitar of slicing
 x - a +6 antimagic great sword (weapon)
Armour
 b - a +0 animal skin
 p - a +0 pair of gloves (worn)
 q - a +0 helmet (worn)
 r - a +0 plate armour (worn)
Magical staves
 n - an uncursed staff of energy
Jewellery
 s - a +3 ring of dexterity (left hand)
 t - a +2 ring of evasion (right hand)
Magical devices
 c - a wand of heal wounds (5)
 m - a wand of draining (7)
Scrolls
 j - 2 scrolls of blinking
 l - 6 scrolls of remove curse
 v - 2 scrolls of fog
 w - 3 scrolls of recharging
Potions
 d - 2 potions of resistance
 e - 6 potions of curing
 f - 2 potions of heal wounds
 g - a potion of brilliance
 h - 4 potions of magic
 i - a potion of berserk rage
 k - a potion of invisibility
 u - a potion of haste


   Skills:
 + Level 9.3 Fighting
 * Level 13.4 Long Blades
 + Level 10.7 Armour
 + Level 10.7 Dodging


You had 8 spell levels left.
You didn't know any spells.

Dungeon Overview and Level Annotations

Branches:
Dungeon (1/1)

Altars:
Cheibriados
Dithmenos
Elyvilon
Fedhas
Gozag
Kikubaaqudgha
Makhleb
Nemelex Xobeh
Okawaru
Qazlal
Ru
Sif Muna
Trog
Vehumet
Xom
Yredelemnul
Zin
The Shining One
Beogh
Jiyva
Lugonu


Innate Abilities, Weirdness & Mutations

You are resistant to damage.
You can recharge devices by infusing magical energy.
You passively map the area around you.
You do not heal naturally.


Message History

The ten-headed hydra misses you. The ten-headed hydra bites you!
* * * LOW HITPOINT WARNING * * *
The ten-headed hydra bites you but does no damage. x2
The ten-headed hydra misses you.
The ten-headed hydra bites you but does no damage. x3
The ten-headed hydra misses you.
The ten-headed hydra bites you but does no damage.
You completely miss the six-headed hydra.
The six-headed hydra bites you!
* * * LOW HITPOINT WARNING * * *
The six-headed hydra bites you but does no damage.
The six-headed hydra bites you. The six-headed hydra barely misses you.
The six-headed hydra bites you.
* * * LOW HITPOINT WARNING * * *
The six-headed hydra barely misses you.
The ten-headed hydra bites you but does no damage.
The ten-headed hydra misses you.
The ten-headed hydra bites you but does no damage. x4
The ten-headed hydra barely misses you. The ten-headed hydra bites you.
You die...

* , , ,
▓.▓_▓ ,
▓.▓.▓_▓
▓l▓.▓_▓ ,
*,*,*
▓D▓.▓_▓ ,
*,▓l▓.▓_▓
* ,
,▓r▓.▓_▓ ,
, ,▓D▓.▓_▓
,*,▓D▓.▓_▓
* *
▓@▓.▓_▓ ,
▓D▓.▓_▓ ,
* ▓S▓.▓_▓
, ,*,*
▓.▓.▓_▓ ,
▓.▓.▓_▓ *
▓.▓.▓_▓ ,*
, ▓.▓.▓_▓
*, ,*
▓.▓.▓_▓ *
* ,
▓.▓.▓_▓


You could see a ten-headed hydra, an eight-headed hydra, a six-headed hydra, a
four-headed hydra, a komodo dragon, a basilisk, a water moccasin and a
porcupine.

Vanquished Creatures
  An ugly thing (D)
  A spiny frog (D)
  A kobold demonologist (D)
  A komodo dragon (D)
  A tengu conjurer (D)
  2 yaks (D)
  A hippogriff (D)
  A mottled dragon (D)
  A wolf (D)
  An orc warrior (D)
  2 ogres (D)
  A giant frog (D)
  A wight (D)
  A crimson imp (D)
  An iguana (D)
  An adder (D)
  3 bats (D)
  A bat skeleton (D)
  A goblin (D)
  4 hobgoblins (D)
  A kobold (D)
  A quokka (D)
29 creatures vanquished.

Notes
Turn   | Place    | Note
--------------------------------------------------------------
     0 | D        | tt080 the Deep Dwarf Berserker began the quest for the Orb.
     0 | D        | Reached XP level 1. HP: 20/20 MP: 1/1
    13 | D        | Acquired Trog's second power
    25 | D        | Noticed an ogre
    25 | D        | Noticed a crimson imp
    31 | D        | Reached XP level 2. HP: 18/28 MP: 2/2
    35 | D        | Killed a crimson imp
    35 | D        | Reached skill level 5 in Long Blades
    35 | D        | Reached XP level 3. HP: 30/36 MP: 3/3
    41 | D        | Killed an ogre
    41 | D        | Reached skill level 6 in Long Blades
    41 | D        | Reached skill level 5 in Armour
    41 | D        | Reached skill level 5 in Dodging
    41 | D        | Reached XP level 4. HP: 25/45 MP: 4/4
    44 | D        | Acquired Trog's third power
    50 | D        | Found a glowing silver altar of Zin.
    50 | D        | Found a glowing golden altar of the Shining One.
    50 | D        | Found an ancient bone altar of Kikubaaqudgha.
    50 | D        | Found a basalt altar of Yredelemnul.
    50 | D        | Found a shimmering altar of Xom.
    50 | D        | Found a radiant altar of Vehumet.
    51 | D        | Found an iron altar of Okawaru.
    52 | D        | Found a burning altar of Makhleb.
    53 | D        | Found a deep blue altar of Sif Muna.
    54 | D        | Found a bloodstained altar of Trog.
    55 | D        | Found a sparkling altar of Nemelex Xobeh.
    56 | D        | Found a white marble altar of Elyvilon.
    57 | D        | Found a roughly hewn altar of Beogh.
    58 | D        | Found a viscous altar of Jiyva.
    59 | D        | Found a corrupted altar of Lugonu.
    60 | D        | Found a blossoming altar of Fedhas.
    61 | D        | Found a snail-covered altar of Cheibriados.
    62 | D        | Found a shadowy altar of Dithmenos.
    63 | D        | Found a stormy altar of Qazlal.
    64 | D        | Found an opulent altar of Gozag.
    65 | D        | Found a sacrificial altar of Ru.
   117 | D        | Noticed an orc warrior
   117 | D        | Noticed an ogre
   117 | D        | Noticed a wight
   121 | D        | Killed a wight
   121 | D        | Reached skill level 5 in Fighting
   121 | D        | Reached skill level 7 in Long Blades
   121 | D        | Reached XP level 5. HP: 44/52 MP: 5/5
   125 | D        | Killed an ogre
   125 | D        | Reached skill level 8 in Long Blades
   130 | D        | Killed an orc warrior
   130 | D        | Reached skill level 9 in Long Blades
   130 | D        | Reached XP level 6. HP: 28/62 MP: 6/6
   161 | D        | Noticed a purple ugly thing
   161 | D        | Noticed a kobold demonologist
   161 | D        | Noticed a yak
   161 | D        | Noticed a tengu conjurer
   161 | D        | Noticed a mottled dragon
   167 | D        | Killed a mottled dragon
   172 | D        | Noticed a soul eater
   176 | D        | Killed a yak
   176 | D        | Reached skill level 10 in Long Blades
   176 | D        | Reached XP level 7. HP: 46/72 MP: 7/7
   183 | D        | Killed a purple ugly thing
   183 | D        | Reached skill level 11 in Long Blades
   187 | D        | HP: 2/109 [soul eater[a kobold demonologist] (14)]
   202 | D        | Killed a tengu conjurer
   202 | D        | Reached XP level 8. HP: 27/81 MP: 8/8
   209 | D        | Killed a kobold demonologist
   209 | D        | Reached skill level 12 in Long Blades
   326 | D        | Noticed a giant frog
   326 | D        | Noticed a wolf
   326 | D        | Noticed a spiny frog
   326 | D        | Noticed a hippogriff
   326 | D        | Noticed an iguana
   326 | D        | Noticed a yak
   331 | D        | Noticed a komodo dragon
   334 | D        | Killed a yak
   339 | D        | Killed an iguana
   339 | D        | Received a gift from Trog
   343 | D        | Noticed a water moccasin
   345 | D        | Killed a hippogriff
   345 | D        | Reached skill level 10 in Armour
   345 | D        | Reached skill level 10 in Dodging
   350 | D        | Noticed an eight-headed hydra
   356 | D        | Killed a spiny frog
   356 | D        | Gained mutation: You passively map the area around you. [Deep Dwarf growth]
   356 | D        | Reached XP level 9. HP: 80/91 MP: 3/9
   357 | D        | Killed a wolf
   357 | D        | Reached skill level 13 in Long Blades
   362 | D        | Killed a giant frog
   367 | D        | Killed a komodo dragon
   379 | D        | Noticed a basilisk
   379 | D        | Noticed an eight-headed hydra
   379 | D        | Noticed a komodo dragon
   379 | D        | Noticed a porcupine
   379 | D        | Noticed a four-headed hydra
   379 | D        | Noticed a six-headed hydra
   381 | D        | HP: 1/91 [six-headed hydra (4)]
   381 | D        | Slain by a ten-headed hydra

Vault maps used:
D:        linesprint

Action                   |  1- 3 |  4- 6 |  7- 9 || total
-------------------------+-------+-------+-------++-------
Melee: Falchion          |    28 |     2 |       ||    30
       Scimitar          |       |    25 |    41 ||    66
       Great sword       |       |       |    30 ||    30
Invok: Berserk           |     1 |     2 |       ||     3
       Trog's Hand       |       |     2 |     4 ||     6
  Use: Potion            |       |       |     2 ||     2
       Scroll            |       |       |     1 ||     1
  Eat: Bread ration      |       |       |     1 ||     1
